 Dungeon Crawl Stone Soup version 0.29.0-4-gdea44cf6ec (webtiles) character file.

Game seed: 7770031579434775730

53 gelatine the Grave Robber (level 3, -1/24 HPs)
             Began as a Demonspawn Necromancer on Aug 27, 2022.
             Slain by a goblin
             ... wielding a +0 dagger
             ... led by Robin
              (5 damage)
             ... on level 2 of the Dungeon.
             The game lasted 00:03:57 (1005 turns).

gelatine the Grave Robber (Demonspawn Necromancer)  Turns: 1005, Time: 00:03:58

Health: -1/24      AC:  2    Str:  8    XL:     3   Next: 62%
Magic:  4/7        EV: 14    Int: 18    God:
Gold:   69         SH:  0    Dex: 13    Spells: 7/8 levels left

rFire   + . .      SeeInvis .   d - +0 dagger
rCold   + . .      Faith    .   (no shield)
rNeg    . . .      Spirit   .   a - +0 robe
rPois   +          Reflect  .   (no helmet)
rElec   +          Harm     .   (no cloak)
rCorr   +          Rampage  .   (no gloves)
Will    .....                   (no boots)
Stlth   ++........              (no amulet)
HPRegen 1.08/turn               (no ring)
MPRegen 0.10/turn               (no ring)

@: resistant
A: repulsion field 1, powered by death 1
a: no special abilities


You were on level 2 of the Dungeon.
You visited 1 branch of the dungeon, and saw 2 of its levels.

You collected 69 gold pieces.

Inventory:

Hand Weapons
 d - a +0 dagger (weapon)
Missiles
 c - 5 poisoned darts
Armour
 a - a +0 robe (worn)
Scrolls
 g - a scroll of enchant armour {unknown}
Potions
 f - a potion of curing {unknown}


   Skills:
 + Level 1.8 Dodging
 + Level 1.9 Stealth
 + Level 3.0 Spellcasting
 + Level 5.1 Necromancy


You had 7 spell levels left.
You knew the following spells:

 Your Spells              Type           Power      Damage    Failure   Level
a - Necrotise             Necr           84%        1d8       1%          1

Your spell library contained the following spells:

 Spells                   Type           Power      Damage    Failure   Level
 Vampiric Draining        Necr           21%        2d7       6%          3
 Animate Dead             Necr           21%        N/A       21%         4
 Agony                    Necr           21%        N/A       50%         5


Dungeon Overview and Level Annotations

Branches:
Dungeon (2/15)

Altars:

Shops:
D:2 (?

Annotations:
D:2 Robin


Innate Abilities, Weirdness & Mutations

You are surrounded by a mild repulsion field. (EV +2)
You regenerate a little health from kills.


Message History

The goblin no longer looks unusually strong.
The hobgoblin barely misses you.
The goblin shoots a sling bullet.
The sling bullet barely misses you.
The hobgoblin writhes in agony.
Robin throws the goblin at you! The hobgoblin barely misses you.
The goblin misses you. The hobgoblin barely misses you.
The hobgoblin writhes in agony.
You kill the hobgoblin!
Robin throws the goblin at you! The goblin hits you with a +0 dagger.
The rat bites you. The goblin barely misses you. The hobgoblin hits you.
You are too injured to fight recklessly!
Unknown command.
You are too injured to fight recklessly!
Casting: Necrotise (safe; 1% risk of failure)
Confirm with . or Enter, or press ? or * to list all spells.
Aiming: Necrotise (safe; 1% risk of failure)
Press: ? - help, Shift-Dir - straight line, f - goblin
Aim: a goblin, wielding a +0 club (strong, chance to affect: 90%)
The goblin barely resists.
Robin completely misses you. The goblin hits you with a +0 dagger.
The rat barely misses you. The goblin hits you but does no damage.
The hobgoblin closely misses you.
Unknown command.
Casting: Necrotise (safe; 1% risk of failure)
Confirm with . or Enter, or press ? or * to list all spells.
Aiming: Necrotise (safe; 1% risk of failure)
Press: ? - help, Shift-Dir - straight line, f/p - goblin
Aim: a goblin, wielding a +0 club (strong, chance to affect: 90%)
The goblin writhes in agony!
You kill the goblin!
The dead are walking!
Robin barely misses you. The goblin hits you with a +0 dagger.
* * * LOW HITPOINT WARNING * * *
Something hits your hobgoblin skeleton. The rat bites you.
* * * LOW HITPOINT WARNING * * *
The hobgoblin hits you.
* * * LOW HITPOINT WARNING * * *
It was a potion of resistance.
You feel protected. Robin closely misses you.
The goblin hits you with a +0 dagger.
You die...

#####.##..###............
#....<....# #..........#.
#...).....# #.......>....
#.........###............
#...........#...####..#..
######.####...... ...
#######.# #....
........####..#...
....#...#@g)....#
.....#.Zggr#.####
#######.Z.g# #....)#
#....).# .........
###........ ##........
...##.#.##


You could see Robin, a hobgoblin (strong), 2 goblins, a rat, a friendly goblin
skeleton and a friendly hobgoblin skeleton.

Vanquished Creatures
  An adder (D:2)
  3 ball pythons
  2 endoplasms (D:1)
  A giant cockroach (D:1)
  8 goblins
  2 hobgoblins (D:2)
  4 kobolds (D:1)
  2 quokkas (D:1)
  3 bats (D:2)
  A frilled lizard (D:2)
27 creatures vanquished.

Vanquished Creatures (collateral kills)
  An adder (D:2)
  A giant cockroach (D:2)
  A goblin (D:2)
3 creatures vanquished.

Grand Total: 30 creatures vanquished

Notes
Turn   | Place    | Note
-------+----------+-------------------------------------------
     0 | D:1      | gelatine the Demonspawn Necromancer began the quest for the
                  | Orb.
     0 | D:1      | Reached XP level 1. HP: 13/13 MP: 3/3
   378 | D:1      | Gained mutation: You regenerate a little health from kills.
                  | [demonic ancestry]
   378 | D:1      | Reached XP level 2. HP: 19/19 MP: 3/5
   745 | D:2      | Found Ysuidoi's Magic Scroll Boutique.
   762 | D:2      | Reached skill level 5 in Necromancy
   802 | D:2      | Gained mutation: You are surrounded by a mild repulsion
                  | field. (EV +2) [demonic ancestry]
   802 | D:2      | Reached XP level 3. HP: 24/24 MP: 0/7
   885 | D:2      | Found Huymomex's Weapon Shoppe.
   981 | D:2      | Noticed Robin
  1005 | D:2      | Slain by a goblin

Illustrated notes

Levels and vault maps discovered:
D:1:      wander_arrival_lonely_grave, layout_basic
D:2:      layout_rooms, serial_shops, shop, shop,
          nicolae_shop_bloodbath_and_beyond, nicolae_shop_advertising_works
          [nicolae_subvault_shop_adworks], basic_ecumenical_altar, minivault_5,
          minmay_pentomino_p4, uniq_terence, uniq_robin

Skill      XL: |  1  2  3 |
---------------+----------+-----
Necromancy     | 5 |  5.1
Spellcasting   | 3 |  3.0
Dodging        | |  1.8
Stealth        | |  1.9

Action                   || total
-------------------------++-------
Melee: Dagger            ||    10
 Cast: Necrotise         ||    41
  Use: Potion            ||     2
Armor: Robe              ||     5
Dodge: Dodged            ||    32
